Unix NetHack Version 3.7.0-59 Work-in-progress - last build May 23 2022 02:51:17 (ddf30d9136aadac28f3366ca30c6f791342be2c5,branch:master). Game began 2022-05-23 14:42:29, ended 2022-05-23 14:54:54. rustyspoon, lawful female human Cavewoman -- --- ----.# --.| --- --.|....--- -----|..| ..- -........|(- --.|.--(.| ... |.........--........-- .- --..- --..................>| -.----...| --- |....................| ........--..| |..............*--- --...........- --- -..........*...| --............. --..------.......%.%.| |........... |....| |.....*.....-- -........- ...| |-...*..--...-- |.......-- ..--- |....------...---.....<..-- ..- -...|--....| --...%...............--- |...--....-| --.....%....0.........| --....*..G..| ----..|.|............- |.@...G..|.-- --------.--...........- |.....|.---- -- --..........| ---..---- -.|.------- ---- ---- Rustyspoon the Aborigine St:18/02 Dx:15 Co:18 In:7 Wi:8 Ch:7 Lawful Dlvl:4 $:55 HP:0(49) Pw:18(18) AC:6 Exp:5 T:3102 Latest messages: You stop eating the gnome corpse. The gnome lord swings his thonged club. The gnome lord hits! The gnome lord picks up a bow. The gnome lord picks up 14 arrows. The gnome lord picks up a black gem. The gnome lord picks up a visored helmet. The gnome lord puts on a visored helmet. What do you want to wield? [- abkM or ?*] b - an uncursed +2 sling (weapon in hand). a - an uncursed +1 club (alternate weapon; not wielded). In what direction? The flint stone hits the gnome. In what direction? You shoot 2 flint stones. The 1st flint stone hits the gnome. You kill the gnome! The 2nd flint stone hits the gnome. In what direction? The gnome picks up an uncursed flint stone. In what direction? The flint stone hits the gnome! In what direction? The flint stone hits the gnome. In what direction? You kill the gnome! In what direction? The flint stone misses the gnome lord. In what direction? The flint stone hits the gnome lord. In what direction? The flint stone misses the gnome lord. In what direction? The flint stone hits the gnome lord. In what direction? The flint stone misses the gnome lord. A cloud of gas puts you to sleep! The gnome lord shoots an arrow! An arrow misses you. The gnome picks up an uncursed flint stone. The gnome picks up 3 uncursed flint stones. The gnome lord shoots 2 arrows! The 1st arrow misses you. You are hit by the 2nd arrow! You dream that you hear the wailing of the Banshee... The gnome lord shoots 2 arrows! The 1st arrow misses you. You are hit by the 2nd arrow! You die... Do you want your possessions identified? [ynq] (y) Major events: Turn 1: rustyspoon the lawful human Cavewoman entered the dungeon 1112: attained the rank of Aborigine (level 3) 1653: entered the Gnomish Mines 3102: killed by an arrow, while sleeping Inventory: Coins $ - 55 gold pieces Amulets n - an uncursed amulet of restful sleep Weapons a - an uncursed +1 club (alternate weapon; not wielded) b - an uncursed +2 sling (weapon in hand) k - an uncursed +0 dagger M - an uncursed +0 aklys Armor B - an uncursed +0 leather armor (being worn) E - an uncursed +0 pair of gauntlets of dexterity (being worn) F - an uncursed +0 orcish helm (being worn) Scrolls G - a cursed scroll of enchant weapon K - a cursed scroll of blank paper L - 2 uncursed scrolls of blank paper Potions m - an uncursed potion of see invisible I - an uncursed potion of booze Tools f - an uncursed tin whistle i - an uncursed leather drum v - a cursed tallow candle T - a cursed blindfold named cursed? Gems/Stones c - an uncursed flint stone (in quiver pouch) d - 26 uncursed rocks D - an uncursed worthless piece of violet glass Rustyspoon the Cavewoman's attributes: Background: You were an Aborigine, a level 5 human Cavewoman. You were lawful, on a mission for Anu who was opposed by Ishtar (neutral) and Anshar (chaotic). You were in the Gnomish Mines, on level 4. You entered the dungeon 3102 turns ago. You had 219 experience points, 101 more were needed to attain level 6. Basics: You had 0 out of 49 hit points. You had all 18 energy points (spell power). Your armor class was 6. Your wallet contained 55 zorkmids. Autopickup was on for '$!?/"=' plus thrown, with exceptions. Final Characteristics: Your strength was 18/02 (limit:18/100). Your dexterity was 15 (limit:18). Your constitution was 18 (limit:18). Your intelligence was 7 (limit:18). Your wisdom was 8 (limit:18). Your charisma was 7 (limit:18). Final Status: You were not hungry. You were unencumbered. You were wielding a sling. You had basic skill with sling. Final Attributes: You were piously aligned. You were warded. You are dead. Miscellaneous: You never encountered a bones level. Total elapsed playing time was 12 minutes and 24 seconds. Vanquished creatures: 2 shriekers a paper golem a little dog a dwarf 2 homunculi a wererat 4 iguanas an acid blob a gas spore a hobbit a large kobold a hobgoblin a giant rat 3 cave spiders 7 gnomes 3 garter snakes 4 geckos 6 jackals 2 foxes 2 kobolds 3 grid bugs 4 lichens a kobold zombie 5 newts 58 creatures vanquished. No species were genocided or became extinct. Voluntary challenges: You were illiterate. You never engraved Elbereth. You never genocided any monsters. You never polymorphed an object. You used no wishes. Achievements: You attained the rank of Aborigine. You entered a shop. You entered the Gnomish Mines. The Dungeons of Doom: levels 1 to 4 Level 1: "locked chest" A fountain. Level 2: "locked chest" Level 3: An armor shop, a fountain, a sink. Stairs down to The Gnomish Mines. Level 4: A fountain. The Gnomish Mines: Level 4: <- You were here. Final resting place for you, killed by an arrow, while sleeping. Game over: ---------- / \ / REST \ / IN \ / PEACE \ / \ | rustyspoon | | 55 Au | | killed by an | | arrow | | | | | | 2022 | *| * * * | * _________)/\\_//(\/(/\)/\//\/|_)_______ Goodbye rustyspoon the Cavewoman... You died in The Gnomish Mines on dungeon level 4 with 1086 points, and 55 pieces of gold, after 3102 moves. You were level 5 with a maximum of 49 hit points when you died.